3L
PHILADELPHIA 1776 BC @ WIZARDING EXPRESS
06/24/2021
 
TOP OF THE 1ST
Philadelphia 1776 BC batting - Pitching for Wizarding Express : RHP Ben Smith
Pitching: RHP Ben Smith
Batting: RHB Jesús Orozco 0-0: Called Strike
0-1: Called Strike
0-2: Ball
1-2: SINGLE (Line Drive, 8LS)
Batting: RHB Joe Smith 0-0: Ball
1-0: Ball
Throwing error on steal attempt, E2
Jesús Orozco to third
2-0: Swinging Strike
2-1: Foul Ball, location: 2F
2-2: Ball
3-2: Base on Balls
Batting: RHB Brian O'Brian 0-0: Foul Ball, location: 2F
0-1: Ball
1-1: Called Strike
1-2: Fly out, F7 (Flyball, 78S)
Batting: LHB Sébastien Rolland 0-0: Called Strike
0-1: 3-RUN HOME RUN (Flyball, 8RXD), Distance : 421 ft
Batting: RHB Cris López 0-0: Ball
1-0: Called Strike
1-1: Ball
2-1: Ball
3-1: Foul Ball, location: 2F
3-2: Base on Balls
Batting: RHB António Granados 0-0: Ball
1-0: Ball
2-0: Fly out, F7 (Line Drive, 78M)
Batting: LHB Manuel García 0-0: Ball
1-0: Ground out 2-3 (Groundball, 2R)
Top of the 1st over - 3 run(s), 2 hit(s), 1 error(s), 1 left on base; Philadelphia 1776 3 - Wizarding 0
BOTTOM OF THE 1ST
Wizarding Express batting - Pitching for Philadelphia 1776 BC : RHP Robert Archer
Pitching: RHP Robert Archer
Batting: RHB Pedro Cruz 0-0: Ground out 3-1 (Groundball, 34)
Batting: RHB Michael Montgomery 0-0: Called Strike
0-1: Foul Ball, location: 2F
0-2: Strikes out swinging
Batting: RHB Cole Shaffer 0-0: Reached on error, E6 (Groundball, 6M)
Batting: LHB Jason Powell 0-0: 2-RUN HOME RUN (Flyball, 78XD), Distance : 365 ft
Batting: LHB Dave Lee 0-0: Ball
1-0: Fly out, F8 (Flyball, 8RM)
Bottom of the 1st over - 2 run(s), 1 hit(s), 1 error(s), 0 left on base; Philadelphia 1776 3 - Wizarding 2
TOP OF THE 2ND
Philadelphia 1776 BC batting - Pitching for Wizarding Express : RHP Ben Smith
Batting: RHB Gil Moore 0-0: Ball
1-0: SINGLE (Groundball, 56D)
Batting: RHB Dave Knight 0-0: Ball
1-0: Ball
2-0: Swinging Strike
2-1: Ball
3-1: Foul Ball, location: 2F
3-2: Grounds into double play, 4-6-3 (Groundball, 4)
Batting: RHB Jesús Orozco 0-0: Ball
1-0: Foul Ball, location: 2F
1-1: Ball
2-1: SOLO HOME RUN (Line Drive, 7LD), Distance : 340 ft
Batting: RHB Joe Smith 0-0: Ball
1-0: Called Strike
1-1: Ball
2-1: Foul Ball, location: 2F
2-2: Ball
3-2: Fly out, F6 (Popup, 7LSF)
Top of the 2nd over - 1 run(s), 2 hit(s), 0 error(s), 0 left on base; Philadelphia 1776 4 - Wizarding 2
BOTTOM OF THE 2ND
Wizarding Express batting - Pitching for Philadelphia 1776 BC : RHP Robert Archer
Batting: RHB Domingo Navarro 0-0: Ground out 3-1 (Groundball, 34)
Batting: SHB Reed Ramsey 0-0: Ball
1-0: Ball
2-0: Swinging Strike
2-1: Ball
3-1: Base on Balls
Batting: RHB Anastasio Cabanillas 0-0: Called Strike
0-1: Called Strike
Reed Ramsey is caught stealing 2nd base
0-2: Ball
1-2: Foul Ball, location: 2F
1-2: Strikes out swinging
Bottom of the 2nd over - 0 run(s), 0 hit(s), 0 error(s), 0 left on base; Philadelphia 1776 4 - Wizarding 2
TOP OF THE 3RD
Philadelphia 1776 BC batting - Pitching for Wizarding Express : RHP Ben Smith
Batting: RHB Brian O'Brian 0-0: Ball
1-0: Ground out 2-3 (Groundball, 25)
Batting: LHB Sébastien Rolland 0-0: Ball
1-0: Called Strike
1-1: Fly out, F5 (Popup, 5F)
Batting: RHB Cris López 0-0: Called Strike
0-1: Foul Ball, location: 2F
0-2: Ball
1-2: Fly out, F9 (Flyball, 9LM)
Top of the 3rd over - 0 run(s), 0 hit(s), 0 error(s), 0 left on base; Philadelphia 1776 4 - Wizarding 2
BOTTOM OF THE 3RD
Wizarding Express batting - Pitching for Philadelphia 1776 BC : RHP Robert Archer
Batting: RHB Manuel González 0-0: Foul Ball, location: 2F
0-1: Ball
1-1: Ball
2-1: Called Strike
2-2: Ball
3-2: Base on Balls
Batting: RHB Pedro Cruz 0-0: Called Strike
Manuel González steals 2nd base
0-1: Ball
1-1: Ball
2-1: Foul Ball, location: 2F
2-2: Foul Ball, location: 2F
2-2: Ball
3-2: Base on Balls
Batting: RHB Michael Montgomery 0-0: Swinging Strike
0-1: Ball
1-1: Called Strike
1-2: Fly out, F7 (Line Drive, 7M)
Batting: RHB Cole Shaffer 0-0: Called Strike
Manuel González steals 3rd base
Pedro Cruz to second
0-1: Called Strike
0-2: Strikes out swinging
Batting: LHB Jason Powell 0-0: Ball
1-0: Called Strike
1-1: Fly out, F7 (Line Drive, 7S)
Bottom of the 3rd over - 0 run(s), 0 hit(s), 0 error(s), 2 left on base; Philadelphia 1776 4 - Wizarding 2
TOP OF THE 4TH
Philadelphia 1776 BC batting - Pitching for Wizarding Express : RHP Ben Smith
Batting: RHB António Granados 0-0: Ball
1-0: Called Strike
1-1: Ball
2-1: Foul Ball, location: 2F
2-2: Ball
3-2: Foul Ball, location: 2F
3-2: Base on Balls
Batting: LHB Manuel García 0-0: Ball
1-0: Foul Ball, location: 2F
1-1: Ball
2-1: Called Strike
2-2: Strikes out looking
Pitching: RHP Joe Benítez
Batting: RHB Gil Moore 0-0: Ball
António Granados is caught stealing 2nd base
1-0: Fly out, F9 (Flyball, 9S)
Top of the 4th over - 0 run(s), 0 hit(s), 0 error(s), 0 left on base; Philadelphia 1776 4 - Wizarding 2
BOTTOM OF THE 4TH
Wizarding Express batting - Pitching for Philadelphia 1776 BC : RHP Robert Archer
Batting: LHB Dave Lee 0-0: Ball
1-0: Fly out, F8 (Flyball, 8RD)
Batting: RHB Domingo Navarro Error on foul ball, E5
0-1: Foul Ball, location: 2F
0-2: SOLO HOME RUN (Flyball, 78XD), Distance : 375 ft
Batting: SHB Reed Ramsey 0-0: Ball
1-0: Called Strike
1-1: Ball
2-1: Ball
3-1: Called Strike
3-2: Foul Ball, location: 2F
3-2: Base on Balls
Batting: RHB Anastasio Cabanillas 0-0: Grounds into double play, 6-4-3 (Groundball, 6)
Bottom of the 4th over - 1 run(s), 1 hit(s), 1 error(s), 0 left on base; Philadelphia 1776 4 - Wizarding 3
TOP OF THE 5TH
Philadelphia 1776 BC batting - Pitching for Wizarding Express : RHP Joe Benítez
Batting: RHB Dave Knight 0-0: Ball
1-0: Called Strike
1-1: SINGLE (Groundball, 6MD) (infield hit)
Batting: RHB Jesús Orozco 0-0: Reached on error, E1 (Groundball, 15S)
Dave Knight to third
Batting: RHB Joe Smith 0-0: Called Strike
0-1: Ball
1-1: Called Strike
1-2: Ball
2-2: Ground out 5-3 (Groundball, 56S)
Dave Knight scores
Jesús Orozco to third
Batting: RHB Brian O'Brian 0-0: Called Strike
0-1: Foul Ball, location: 2F
0-2: Ball
1-2: Ball
2-2: Fly out, F9 (Flyball, 9M)
Runner from 3rd tags up, SCORES, no throw
Batting: LHB Sébastien Rolland 0-0: Ball
1-0: Swinging Strike
1-1: Foul Ball, location: 2F
1-2: Ball
2-2: Ball
3-2: SINGLE (Line Drive, 34D)
Batting: RHB Cris López 0-0: Ball
Sébastien Rolland is caught stealing 2nd base
Top of the 5th over - 2 run(s), 2 hit(s), 1 error(s), 0 left on base; Philadelphia 1776 6 - Wizarding 3
BOTTOM OF THE 5TH
Wizarding Express batting - Pitching for Philadelphia 1776 BC : RHP Robert Archer
Batting: RHB Manuel González 0-0: Foul Ball, location: 2F
0-1: Fly out, F4 (Popup, 34D)
Batting: RHB Pedro Cruz 0-0: Called Strike
0-1: Ball
1-1: Ground out 4-3 (Groundball, 4M)
Batting: RHB Michael Montgomery 0-0: Called Strike
0-1: Called Strike
0-2: Ball
1-2: Ball
2-2: Ball
3-2: Base on Balls
Batting: RHB Cole Shaffer 0-0: Fly out, F8 (Flyball, 8LM)
Bottom of the 5th over - 0 run(s), 0 hit(s), 0 error(s), 1 left on base; Philadelphia 1776 6 - Wizarding 3
TOP OF THE 6TH
Philadelphia 1776 BC batting - Pitching for Wizarding Express : RHP Joe Benítez
Batting: RHB Cris López 0-0: Ball
1-0: Fly out, F4 (Popup, 4D)
Batting: RHB António Granados 0-0: Foul Ball, location: 2F
0-1: Fly out, F9 (Line Drive, 9M)
Batting: LHB Manuel García 0-0: DOUBLE (Line Drive, 9D)
Batting: RHB Gil Moore 0-0: Ball
1-0: Foul Ball, location: 2F
1-1: Ball
2-1: SINGLE (Line Drive, 6MD)
Manuel García to third
Runner from 3rd tries for Home, SAFE, no throw or cutoff
Pitching: RHP Alexander Allen
Batting: RHB Dave Knight 0-0: Ball
1-0: DOUBLE (Flyball, 89XD)
Gil Moore to third
Runner from 3rd tries for Home, SAFE, no throw or cutoff
Batting: RHB Jesús Orozco 0-0: Called Strike
0-1: Fly out, F7 (Flyball, 7D)
Top of the 6th over - 2 run(s), 3 hit(s), 0 error(s), 1 left on base; Philadelphia 1776 8 - Wizarding 3
BOTTOM OF THE 6TH
Wizarding Express batting - Pitching for Philadelphia 1776 BC : RHP Robert Archer
Batting: LHB Jason Powell 0-0: Ball
1-0: Called Strike
1-1: Ball
2-1: Foul Ball, location: 2F
2-2: Foul Ball, location: 2F
2-2: Ground out 4-3 (Groundball, 4)
Batting: LHB Dave Lee 0-0: Ball
1-0: Swinging Strike
1-1: Ball
2-1: Fly out, F8 (Flyball, 8RM)
Batting: RHB Domingo Navarro 0-0: Ball
1-0: Fly out, F9 (Flyball, 9M)
Bottom of the 6th over - 0 run(s), 0 hit(s), 0 error(s), 0 left on base; Philadelphia 1776 8 - Wizarding 3
TOP OF THE 7TH
Philadelphia 1776 BC batting - Pitching for Wizarding Express : RHP Alexander Allen
Batting: RHB Joe Smith 0-0: Ball
1-0: Ball
2-0: Ball
3-0: Called Strike
3-1: Base on Balls
Batting: RHB Brian O'Brian 0-0: Foul Ball, location: 2F
0-1: Ball
1-1: Ball
2-1: Ball
3-1: Called Strike
3-2: Fly out, F5 (Line Drive, 5)
3-2: Fly out, F5 (Line Drive, 5)
Batting: LHB Sébastien Rolland 0-0: Ball
1-0: 2-RUN HOME RUN (Flyball, 89XD), Distance : 370 ft
Pitching: RHP Ed McWhannell
Batting: RHB Cris López 0-0: Foul Ball, location: 2F
0-1: Called Strike
0-2: Strikes out swinging
Batting: RHB António Granados 0-0: Ball
1-0: Called Strike
1-1: Foul Ball, location: 2F
1-2: Foul Ball, location: 2F
1-2: Foul Ball, location: 2F
1-2: Ball
2-2: Ball
3-2: Foul Ball, location: 2F
3-2: Foul Ball, location: 2F
3-2: Strikes out looking
Top of the 7th over - 2 run(s), 1 hit(s), 0 error(s), 0 left on base; Philadelphia 1776 10 - Wizarding 3
BOTTOM OF THE 7TH
Wizarding Express batting - Pitching for Philadelphia 1776 BC : RHP Robert Archer
Batting: SHB Reed Ramsey 0-0: Ball
1-0: Ball
2-0: Ball
3-0: Called Strike
3-1: Base on Balls
Batting: RHB Anastasio Cabanillas 0-0: Called Strike
0-1: Ball
1-1: Fly out, F8 (Flyball, 8RXD)
Batting: RHB Manuel González 0-0: Grounds into double play, 1-4-3 (Groundball, 23)
Bottom of the 7th over - 0 run(s), 0 hit(s), 0 error(s), 0 left on base; Philadelphia 1776 10 - Wizarding 3
TOP OF THE 8TH
Philadelphia 1776 BC batting - Pitching for Wizarding Express : RHP Ed McWhannell
Batting: LHB Manuel García 0-0: SINGLE (Line Drive, 89S)
Batting: RHB Gil Moore 0-0: Called Strike
0-1: Swinging Strike
0-2: Foul Ball, location: 2F
0-2: Foul Ball, location: 2F
0-2: Ball
1-2: Strikes out swinging
Batting: RHB Dave Knight 0-0: Called Strike
Manuel García steals 2nd base
0-1: Ball
1-1: Swinging Strike
1-2: Strikes out looking
Batting: RHB Jesús Orozco 0-0: Ground out 6-3 (Groundball, 6)
Top of the 8th over - 0 run(s), 1 hit(s), 0 error(s), 1 left on base; Philadelphia 1776 10 - Wizarding 3
BOTTOM OF THE 8TH
Wizarding Express batting - Pitching for Philadelphia 1776 BC : RHP Robert Archer
Batting: RHB Pedro Cruz 0-0: Ball
1-0: Ball
2-0: Ball
3-0: Called Strike
3-1: Foul Ball, location: 2F
3-2: Base on Balls
Batting: RHB Michael Montgomery 0-0: Grounds into double play, 4-6-3 (Groundball, 4)
Batting: RHB Cole Shaffer 0-0: Called Strike
0-1: Ground out 5-3 (Groundball, 5)
Bottom of the 8th over - 0 run(s), 0 hit(s), 0 error(s), 0 left on base; Philadelphia 1776 10 - Wizarding 3
TOP OF THE 9TH
Philadelphia 1776 BC batting - Pitching for Wizarding Express : RHP Ed McWhannell
Batting: RHB Joe Smith 0-0: Swinging Strike
0-1: Fly out, F8 (Flyball, 8LM)
Pinch Hitting: RHB Yuji Ine 0-0: Ball
1-0: Foul Ball, location: 2F
1-1: Swinging Strike
1-2: Strikes out looking
Batting: LHB Sébastien Rolland 0-0: Ball
1-0: Ball
2-0: Ball
3-0: Called Strike
3-1: Base on Balls
Batting: RHB Cris López 0-0: Ball
1-0: Ball
2-0: Foul Ball, location: 2F
2-1: Fly out, F7 (Flyball, 7M)
Top of the 9th over - 0 run(s), 0 hit(s), 0 error(s), 1 left on base; Philadelphia 1776 10 - Wizarding 3
BOTTOM OF THE 9TH
Wizarding Express batting - Pitching for Philadelphia 1776 BC : RHP Robert Archer
Now at 3B: Yuji Ine
Batting: LHB Jason Powell 0-0: Ball
1-0: Ball
2-0: Foul Ball, location: 2F
2-1: Ground out 4-3 (Groundball, 4M)
Batting: LHB Dave Lee 0-0: Ball
1-0: Fly out, F5 (Popup, 5F)
Batting: RHB Domingo Navarro 0-0: Ground out 5-3 (Groundball, 56)
Bottom of the 9th over - 0 run(s), 0 hit(s), 0 error(s), 0 left on base; Philadelphia 1776 10 - Wizarding 3
This league is powered by Out of the Park Baseball, the baseball management simulation game for PC, Mac and Linux
Friday, January 22nd, 2016 - OOTP Baseball 16.9 Build 39